 Dungeon Crawl Stone Soup version 0.30-a0-626-gd6a5dd7a1f (webtiles) character file.

Game seed: 5286725124328390677

317 vineage the Trooper (level 6, -1/40 HPs)
             Began as a Gargoyle Fighter on Jan 11, 2023.
             Killed by divine providence
             ... invoked by an orc priest
              (11 damage)
             ... on level 3 of the Dungeon.
             The game lasted 00:02:39 (2255 turns).

vineage the Trooper (Gargoyle Fighter)              Turns: 2255, Time: 00:02:39

Health: -1/40      AC: 14    Str: 21    XL:     6   Next: 44%
Magic:  6/6        EV:  4    Int:  9    God:
Gold:   65         SH: 13    Dex:  9    Spells: 5/5 levels left

rFire   . . .      SeeInvis .    a - +0 flail
rCold   . . .      Faith    .    i - +1 tower shield
rNeg    + . .      Spirit   .    j - +0 chain mail
rPois   ∞          Reflect  .    (no helmet)
rElec   +          Harm     .    (no cloak)
rCorr   .          Rampage  .    (no gloves)
Will    .....                    (no boots) Stlth
                                 (no amulet)
HPRegen 0.26/turn                (no ring)
MPRegen 0.10/turn                (no ring)

@: no status effects
A: sickness immunity, AC +4, negative energy resistance 1, electricity
resistance, torment resistance 1, petrification resistance
a: no special abilities


You were on level 3 of the Dungeon.
You visited 1 branch of the dungeon, and saw 3 of its levels.

You collected 65 gold pieces.

Inventory:

Hand Weapons
 a - a +0 flail (weapon)
Armour
 i - a +1 tower shield (worn)
 j - a +0 chain mail (worn)
Scrolls
 b - a scroll of amnesia
 d - a scroll of enchant armour
 e - 2 scrolls of identify
Potions
 h - a potion of heal wounds {unknown}


   Skills:
 * Level 5.4 Fighting
 + Level 3.4 Maces & Flails
 + Level 4.5 Armour
 + Level 4.4 Shields


You had 5 spell levels left.
You didn't know any spells.
Your spell library contained the following spells:

 Spells                   Type           Power      Damage    Failure   Level
 Ignite Poison            Fire/Tmut/Pois 0%         N/A       100%        3
 Kindle Blastsparks       Fire/Tloc/Air  0%         2d10      100%        3
 Freezing Cloud           Conj/Ice/Air   0%         6-21      100%        5


Dungeon Overview and Level Annotations

Branches:
Dungeon (3/15)

Altars:


Innate Abilities, Weirdness & Mutations

You are immune to sickness and miasma.
Your stone body is resilient. (AC +4)
You are immune to poison.
You resist negative energy. (rN+)
You are resistant to electric shocks. (rElec)
You are resistant to unholy torment.
You are immune to petrification.


Message History

The air fills with toxic fumes!
As you read the scroll of poison, it crumbles to dust.
You block the orc's attack. The orc attacks as you move away!
You block the orc's attack.
The orc priest casts a cantrip, but nothing happens.
There is an open door here.
You start resting.
An orc is nearby!
You block the orc's attack.
You hit the orc but do no damage. The orc hits you but does no damage.
You closely miss the orc. You block the orc's attack.
The orc hits you with a +0 club.
The orc priest hits you but does no damage.
The orc barely misses you.
You hit the orc.
The orc is lightly wounded.
You block the orc's attack. The orc barely misses you.
The orc priest miscasts a cantrip.
You block the orc priest's attack. The orc hits you but does no damage.
The orc hits you with a +0 club.
You hit the orc priest.
The orc priest is severely wounded.
You block the orc's attack. x2; You block the orc priest's attack.
You hit the orc priest.
The orc priest is almost dead.
You block the orc's attack. The orc hits you with a +0 hand axe.
The orc priest hits you but does no damage.
The orc priest invokes the aid of Beogh against you.
Pain shoots through your body!
* * * LOW HITPOINT WARNING * * *
You block the orc's attack. The orc hits you but does no damage.
You barely miss the orc priest.
The orc priest is almost dead.
You block the orc's attack. x2; The orc priest barely misses you.
You hit the orc priest but do no damage.
The orc priest is almost dead.
You block the orc's attack. x2
The orc priest calls down the wrath of Beogh upon you.
Beogh smites you!
You die...

#........#
#........###
########....)...#..
+....).......>..#.#
#######.......###.#
#.......###'##
#............#
#.......oo...#
#########.......@o...#
#...............###'##
#...............# #.#
#...†.....####### #.#
#.........#########.#
#.............o.oo..#
.........##...#######
..........+...+
....###.###.o.#


You could see an orc priest and 2 orcs.

Vanquished Creatures
  Sigmund (D:2)
  Natasha (thrice) (D:2)
  Robin (D:2)
  An adder (D:2)
  2 worms (D:2)
  3 dart slugs
  3 orcs (D:3)
  4 endoplasms
  A giant cockroach (D:2)
  9 goblins
  3 hobgoblins (D:2)
  7 kobolds
  A quokka (D:2)
  5 ball pythons
  A bat (D:2)
  A frilled lizard (D:1)
  2 rats
48 creatures vanquished.

Notes
Turn   | Place    | Note
-------+----------+-------------------------------------------
     0 | D:1      | vineage the Gargoyle Fighter began the quest for the Orb.
     0 | D:1      | Reached XP level 1. HP: 14/14 MP: 1/1
   779 | D:2      | Noticed Sigmund
   779 | D:2      | You fall into a shaft and drop 1 floor!
   821 | D:3      | Reached XP level 2. HP: 19/19 MP: 2/2
   915 | D:2      | Reached XP level 3. HP: 23/24 MP: 3/3
   925 | D:2      | Found a faded altar of an unknown god.
  1059 | D:2      | Noticed Natasha
  1071 | D:2      | Killed Natasha
  1072 | D:2      | Reached skill level 4 in Fighting
  1072 | D:2      | Reached XP level 4. HP: 12/29 MP: 4/4
  1616 | D:2      | Killed Sigmund
  1617 | D:2      | Reached skill level 5 in Fighting
  1617 | D:2      | Reached XP level 5. HP: 8/35 MP: 5/5
  1617 | D:2      | Reached XP level 6. HP: 9/40 MP: 6/6
  1677 | D:2      | Noticed Natasha
  1684 | D:2      | Killed Natasha
  1743 | D:2      | Noticed Robin
  1760 | D:2      | Killed Robin
  1885 | D:2      | Noticed Natasha
  1900 | D:2      | Killed Natasha
  2255 | D:3      | Killed from afar by an orc priest

Illustrated notes

Levels and vault maps discovered:
D:1:      scummos_arrival_gate, layout_basic, minmay_crystal_room
D:2:      layout_loops_ring, ebering_ecumenical_altar_mist, kennysheep_path_1,
          uniq_natasha, uniq_robin, uniq_sigmund
D:3:      layout_basic

Skill      XL: |  1  2  3  4 |
---------------+-------------+-----
Fighting       | 4 5 |  5.4
Maces & Flails | 3 |  3.4
Armour         | 4 |  4.5
Shields        | 4 |  4.4

Action                   |  1- 3 |  4- 6 || total
-------------------------+-------+-------++-------
Melee: Flail             |    92 |   134 ||   226
  Use: Scroll            |     7 |     3 ||    10
       Potion            |       |     3 ||     3
Armor: Scale mail        |    11 |       ||    11
       Chain mail        |    34 |    68 ||   102
       Skin              |     2 |       ||     2
Dodge: Dodged            |    11 |    21 ||    32
Block: Tower shield      |    71 |    97 ||   168
       Buckler           |     4 |       ||     4

Table legend: (Time is in decaauts)
 A = Elapsed time spent in this place.
 B = Non-inter-level travel time spent in this place.
 C = Inter-level travel time spent in this place.
 D = Time resting spent in this place.
 E = Time spent auto-exploring this place.
 F = Levels seen in this place.
 G = Mean time per level.
                   A        B        C        D        E       F      G
               +--------+--------+--------+--------+--------+-----+--------+
         Total |   2416 |   2353 |     63 |    335 |   1425 |   3 |  805.3 |
       Dungeon |   2416 |   2353 |     63 |    335 |   1425 |   3 |  805.3 |
               +--------+--------+--------+--------+--------+-----+--------+

Top non-repeatable levels by time:
     D:2: 1413 daAuts
     D:1: 791 daAuts
     D:3: 211 daAuts
